[ AOE2 MATCH · #507885534 ]
UnrankedVietnamese vs Huns
Player's team · LOSS
Rival team · WIN
[ REPLAY ANALYSIS · EXTRACTED FROM THE RECORDED GAME ]
Feudal
15:12
Castle
22:20
Imperial
—
| APM avg | 42.8 |
| APM peak | 81 |
| eAPM avg | 20.9 |
| Villagers / military | 63 / 27 |
Focus
⚔️ 35.8% · 🌾 64.2%
Knight ×11 · Militia ×9 · Scorpion ×4 · Mangonel ×3
Feudal
9:11
Castle
22:23
Imperial
—
| APM avg | 136.8 |
| APM peak | 218 |
| eAPM avg | 81.6 |
| Villagers / military | 61 / 47 |
Focus
⚔️ 78.2% · 🌾 21.8%
Archer ×38 · Cavalry Archer ×9
Match map
Initial resources + every placement click. Lines = walls · curves = elevation contours. ◆ gold · ⬟ stone · ● berries · ✦ relic · ◌ wall gap
Your base· Open — unwalled flank
Ux'BlueUltra's base· Open — unwalled flank
Smoothed initial terrain · ◌ = detected wall gap · hover for details
Inputs per minute
— eduv - - Ux'BlueUltra
Build order — eduv
First 150 of 155 actions detected
| 0:03 | Queue | Villager (Male) |
| 0:03 | Queue | Villager (Male) |
| 0:06 | Build | House |
| 0:08 | Build | House |
| 0:12 | Queue | Villager (Male) |
| 0:12 | Queue | Villager (Male) |
| 0:12 | Queue | Villager (Male) |
| 1:27 | Queue | Villager (Male) |
| 1:27 | Queue | Villager (Male) |
| 2:02 | Queue | Villager (Male) |
| 2:02 | Queue | Villager (Male) |
| 2:21 | Queue | Villager (Male) |
| 2:22 | Queue | Villager (Male) |
| 2:47 | Queue | Villager (Male) |
| 3:04 | Queue | Villager (Male) |
| 3:04 | Queue | Villager (Male) |
| 3:04 | Queue | Villager (Male) |
| 3:18 | Build | House |
| 3:35 | Build | Palisade Wall |
| 3:36 | Build | Palisade Wall |
| 3:38 | Build | Palisade Wall |
| 3:50 | Queue | Villager (Male) |
| 3:50 | Queue | Villager (Male) |
| 3:50 | Queue | Villager (Male) |
| 4:12 | Build | Barracks |
| 4:36 | Queue | Villager (Male) |
| 4:36 | Queue | Villager (Male) |
| 4:59 | Queue | Villager (Male) |
| 5:05 | Queue | Militia |
| 5:05 | Queue | Militia |
| 5:05 | Queue | Militia |
| 5:07 | Build | House |
| 5:32 | Queue | Villager (Male) |
| 5:38 | Queue | Militia |
| 5:39 | Queue | Militia |
| 5:54 | Queue | Villager (Male) |
| 6:06 | Queue | Militia |
| 6:31 | Queue | Villager (Male) |
| 6:33 | Queue | Villager (Male) |
| 6:33 | Queue | Villager (Male) |
| 6:33 | Queue | Villager (Male) |
| 6:50 | Build | Lumber Camp |
| 6:52 | Build | House |
| 7:18 | Queue | Villager (Male) |
| 7:34 | Queue | Villager (Male) |
| 7:46 | Queue | Villager (Male) |
| 7:46 | Queue | Villager (Male) |
| 8:38 | Queue | Villager (Male) |
| 8:38 | Queue | Villager (Male) |
| 8:56 | Queue | Militia |
| 8:56 | Queue | Militia |
| 8:57 | Queue | Militia |
| 9:23 | Build | Mill |
| 9:26 | Queue | Villager (Male) |
| 9:44 | Queue | Villager (Male) |
| 9:58 | Build | Palisade Wall |
| 10:01 | Build | Palisade Wall |
| 10:09 | Build | Palisade Wall |
| 10:15 | Build | Farm |
| 10:17 | Build | Farm |
| 10:24 | Build | Palisade Wall |
| 10:28 | Queue | Villager (Male) |
| 10:29 | Queue | Villager (Male) |
| 10:37 | Queue | Villager (Male) |
| 10:38 | Queue | Villager (Male) |
| 10:38 | Queue | Villager (Male) |
| 10:46 | Build | Farm |
| 10:48 | Build | Farm |
| 11:01 | Queue | Villager (Male) |
| 11:01 | Queue | Villager (Male) |
| 11:01 | Queue | Villager (Male) |
| 11:05 | Build | Palisade Gate |
| 11:08 | Build | Farm |
| 11:27 | Build | House |
| 11:31 | Queue | Villager (Male) |
| 11:40 | Build | Mining Camp |
| 12:03 | Queue | Villager (Male) |
| 12:07 | Build | Farm |
| 12:21 | Queue | Villager (Male) |
| 12:37 | Research | Loom |
| 12:37 | Research | Loom |
| 12:37 | Research | Loom |
| 12:40 | Build | Farm |
| 13:01 | Research | Feudal Age |
| 13:01 | Research | Feudal Age |
| 14:02 | Build | Palisade Wall |
| 14:28 | Build | House |
| 14:29 | Build | House |
| 14:37 | Queue | Villager (Male) |
| 15:12 | Age | Feudal Age |
| 15:18 | Build | Watch Tower |
| 15:31 | Build | Market |
| 15:41 | Research | Double-Bit Axe |
| 15:41 | Research | Double-Bit Axe |
| 15:41 | Queue | Villager (Male) |
| 16:28 | Queue | Villager (Male) |
| 16:30 | Queue | Villager (Male) |
| 16:33 | Build | Blacksmith |
| 16:47 | Queue | Villager (Male) |
| 16:55 | Build | Watch Tower |
| 17:06 | Build | Farm |
| 17:07 | Build | Farm |
| 17:08 | Build | Farm |
| 17:56 | Queue | Villager (Male) |
| 18:01 | Build | Farm |
| 18:03 | Build | Farm |
| 18:04 | Build | Farm |
| 18:12 | Build | Farm |
| 18:21 | Queue | Villager (Male) |
| 18:35 | Build | House |
| 18:52 | Build | House |
| 18:56 | Build | Palisade Wall |
| 19:01 | Build | House |
| 19:40 | Research | Castle Age |
| 19:41 | Research | Castle Age |
| 19:56 | Build | Stable |
| 20:50 | Build | Stable |
| 21:08 | Research | Scale Barding Armor |
| 21:09 | Research | Scale Barding Armor |
| 21:58 | Research | Bloodlines |
| 21:58 | Research | Bloodlines |
| 22:05 | Queue | Villager (Male) |
| 22:20 | Age | Castle Age |
| 22:22 | Queue | Knight |
| 22:23 | Queue | Knight |
| 22:40 | Build | Siege Workshop |
| 22:50 | Queue | Knight |
| 22:50 | Queue | Knight |
| 22:50 | Queue | Knight |
| 22:55 | Build | Siege Workshop |
| 23:20 | Queue | Villager (Male) |
| 23:27 | Queue | Knight |
| 23:49 | Queue | Scorpion |
| 23:50 | Build | House |
| 23:50 | Queue | Villager (Male) |
| 23:53 | Queue | Knight |
| 23:53 | Queue | Knight |
| 24:12 | Build | Siege Workshop |
| 24:24 | Queue | Scorpion |
| 24:24 | Queue | Scorpion |
| 24:37 | Queue | Mangonel |
| 24:37 | Queue | Mangonel |
| 24:39 | Build | House |
| 24:43 | Queue | Villager (Male) |
| 24:52 | Queue | Knight |
| 24:52 | Queue | Knight |
| 24:53 | Queue | Knight |
| 25:09 | Queue | Villager (Male) |
| 25:09 | Queue | Villager (Male) |
| 25:21 | Queue | Scorpion |
Build order — Ux'BlueUltra
First 150 of 154 actions detected
| 0:00 | Queue | Villager (Male) |
| 0:00 | Queue | Villager (Male) |
| 0:01 | Queue | Villager (Male) |
| 0:01 | Queue | Villager (Male) |
| 1:30 | Queue | Villager (Male) |
| 1:30 | Queue | Villager (Male) |
| 1:54 | Queue | Villager (Male) |
| 2:10 | Queue | Villager (Male) |
| 2:23 | Build | Lumber Camp |
| 2:52 | Queue | Villager (Male) |
| 2:52 | Queue | Villager (Male) |
| 3:31 | Research | Loom |
| 3:32 | Research | Loom |
| 4:01 | Queue | Villager (Male) |
| 4:02 | Queue | Villager (Male) |
| 4:13 | Queue | Villager (Male) |
| 4:22 | Queue | Villager (Male) |
| 4:22 | Queue | Villager (Male) |
| 4:38 | Build | Mill |
| 5:11 | Queue | Villager (Male) |
| 5:21 | Queue | Villager (Male) |
| 5:21 | Queue | Villager (Male) |
| 5:37 | Queue | Villager (Male) |
| 5:37 | Queue | Villager (Male) |
| 5:51 | Queue | Villager (Male) |
| 5:51 | Queue | Villager (Male) |
| 6:31 | Queue | Villager (Male) |
| 7:01 | Research | Feudal Age |
| 7:37 | Build | Mining Camp |
| 7:47 | Queue | Villager (Male) |
| 8:36 | Build | Palisade Wall |
| 8:48 | Build | Barracks |
| 9:11 | Age | Feudal Age |
| 9:25 | Queue | Villager (Male) |
| 9:26 | Research | Double-Bit Axe |
| 9:46 | Queue | Villager (Male) |
| 9:55 | Build | Archery Range |
| 10:22 | Queue | Villager (Male) |
| 10:34 | Build | Palisade Wall |
| 10:35 | Build | Palisade Wall |
| 10:36 | Build | Palisade Wall |
| 10:51 | Queue | Archer |
| 10:51 | Queue | Archer |
| 10:56 | Build | Palisade Wall |
| 10:57 | Build | Palisade Wall |
| 11:04 | Queue | Villager (Male) |
| 11:04 | Queue | Villager (Male) |
| 11:20 | Queue | Archer |
| 11:21 | Queue | Archer |
| 11:39 | Build | Archery Range |
| 11:54 | Queue | Archer |
| 12:14 | Queue | Villager (Male) |
| 12:19 | Queue | Archer |
| 12:19 | Queue | Archer |
| 12:19 | Queue | Archer |
| 12:40 | Queue | Archer |
| 12:41 | Queue | Archer |
| 12:41 | Queue | Archer |
| 12:41 | Queue | Archer |
| 12:46 | Build | Farm |
| 13:13 | Queue | Archer |
| 13:13 | Queue | Archer |
| 13:13 | Queue | Archer |
| 13:22 | Build | Farm |
| 13:25 | Queue | Archer |
| 13:25 | Queue | Archer |
| 13:38 | Queue | Villager (Male) |
| 13:38 | Queue | Villager (Male) |
| 13:42 | Build | Farm |
| 14:00 | Queue | Archer |
| 14:07 | Queue | Villager (Male) |
| 14:21 | Queue | Archer |
| 14:44 | Queue | Villager (Male) |
| 14:44 | Queue | Villager (Male) |
| 14:46 | Queue | Archer |
| 15:02 | Build | Farm |
| 15:14 | Queue | Villager (Male) |
| 15:33 | Build | Farm |
| 15:44 | Queue | Archer |
| 15:44 | Queue | Archer |
| 15:44 | Queue | Archer |
| 15:44 | Queue | Archer |
| 15:49 | Queue | Villager (Male) |
| 16:11 | Queue | Villager (Male) |
| 16:27 | Queue | Villager (Male) |
| 16:32 | Build | Farm |
| 16:40 | Queue | Archer |
| 16:48 | Build | Farm |
| 16:50 | Build | Farm |
| 16:52 | Queue | Villager (Male) |
| 16:52 | Queue | Villager (Male) |
| 17:11 | Build | Market |
| 17:15 | Build | Palisade Wall |
| 17:18 | Queue | Villager (Male) |
| 17:50 | Queue | Villager (Male) |
| 18:02 | Build | Blacksmith |
| 18:06 | Queue | Villager (Male) |
| 18:30 | Queue | Villager (Male) |
| 18:42 | Queue | Villager (Male) |
| 19:43 | Research | Castle Age |
| 19:59 | Research | Fletching |
| 20:00 | Research | Fletching |
| 20:12 | Build | Lumber Camp |
| 20:33 | Queue | Archer |
| 20:34 | Queue | Archer |
| 20:49 | Queue | Archer |
| 20:49 | Queue | Archer |
| 21:00 | Research | Town Watch |
| 21:13 | Queue | Archer |
| 21:13 | Queue | Archer |
| 21:13 | Queue | Archer |
| 21:28 | Research | Gold Mining |
| 21:30 | Research | Horse Collar |
| 21:30 | Research | Horse Collar |
| 21:48 | Queue | Archer |
| 21:48 | Queue | Archer |
| 22:23 | Age | Castle Age |
| 22:23 | Research | Crossbowman (upgrade) |
| 22:23 | Research | Crossbowman (upgrade) |
| 22:44 | Research | Bodkin Arrow |
| 23:01 | Queue | Archer |
| 23:01 | Queue | Archer |
| 23:15 | Queue | Villager (Male) |
| 23:18 | Queue | Archer |
| 23:18 | Queue | Archer |
| 23:31 | Queue | Villager (Male) |
| 24:00 | Queue | Villager (Male) |
| 24:03 | Queue | Cavalry Archer |
| 24:10 | Queue | Cavalry Archer |
| 24:34 | Queue | Cavalry Archer |
| 24:39 | Build | Palisade Wall |
| 24:40 | Queue | Villager (Male) |
| 24:41 | Build | Palisade Wall |
| 24:43 | Queue | Cavalry Archer |
| 24:43 | Queue | Cavalry Archer |
| 24:47 | Build | Palisade Wall |
| 24:48 | Queue | Villager (Male) |
| 25:04 | Queue | Villager (Male) |
| 25:04 | Queue | Villager (Male) |
| 25:25 | Queue | Cavalry Archer |
| 25:29 | Queue | Villager (Male) |
| 25:29 | Queue | Villager (Male) |
| 25:37 | Build | Town Center |
| 25:39 | Queue | Cavalry Archer |
| 25:40 | Queue | Cavalry Archer |
| 25:40 | Queue | Cavalry Archer |
| 25:48 | Queue | Villager (Male) |
| 25:48 | Queue | Villager (Male) |
| 26:08 | Queue | Villager (Male) |
| 26:12 | Build | Palisade Wall |
Match timeline
| 3:35 | eduv · wall_segment Palisade Wall x1 |
| 3:36 | eduv · wall_segment Palisade Wall x1 |
| 3:38 | eduv · wall_segment Palisade Wall x1 |
| 4:12 | eduv · first_building Barracks |
| 8:36 | Ux'BlueUltra · wall_segment Palisade Wall x1 |
| 8:48 | Ux'BlueUltra · first_building Barracks |
| 9:11 | Ux'BlueUltra · age_up feudal |
| 9:55 | Ux'BlueUltra · first_building Archery Range |
| 9:58 | eduv · wall_segment Palisade Wall x2 |
| 10:01 | eduv · wall_segment Palisade Wall x9 |
| 10:09 | eduv · wall_segment Palisade Wall x9 |
| 10:24 | eduv · wall_segment Palisade Wall x1 |
| 10:34 | Ux'BlueUltra · wall_segment Palisade Wall x1 |
| 10:35 | Ux'BlueUltra · wall_segment Palisade Wall x2 |
| 10:36 | Ux'BlueUltra · wall_segment Palisade Wall x3 |
| 10:56 | Ux'BlueUltra · wall_segment Palisade Wall x3 |
| 10:57 | Ux'BlueUltra · wall_segment Palisade Wall x5 |
| 14:02 | eduv · wall_segment Palisade Wall x1 |
| 15:12 | eduv · age_up feudal |
| 16:46 | eduv · first_market_buy 100 stone |
| 17:15 | Ux'BlueUltra · wall_segment Palisade Wall x14 |
| 17:18 | eduv · first_market_sell 100 wood |
| 18:56 | eduv · wall_segment Palisade Wall x5 |
| 19:08 | Ux'BlueUltra · first_market_sell 100 wood |
| 19:11 | Ux'BlueUltra · first_market_buy 100 food |
| 19:56 | eduv · first_building Stable |
| 22:20 | eduv · age_up castle |
| 22:23 | Ux'BlueUltra · age_up castle |
| 22:40 | eduv · first_building Siege Workshop |
| 24:39 | Ux'BlueUltra · wall_segment Palisade Wall x1 |
| 24:41 | Ux'BlueUltra · wall_segment Palisade Wall x1 |
| 24:47 | Ux'BlueUltra · wall_segment Palisade Wall x1 |
| 26:12 | Ux'BlueUltra · wall_segment Palisade Wall x1 |
| 26:13 | Ux'BlueUltra · wall_segment Palisade Wall x1 |
| 27:05 | eduv · resign |
[ AI ANALYSIS · 1 CREDIT ]
What really happened in this match?
Wolo.gg analyzes every decision: build order, eco, micro, common mistakes by bracket. Personalized analysis on WhatsApp or Discord in 30 seconds.
Civ guide
Vietnamese
Perfil
Jugador #631884